 Dungeon Crawl Stone Soup version 0.23-a0-488-g5fd82c5 (webtiles) character file.

137 KristoblXynda the Ruffian (level 5, -1/45 HPs)
             Began as a Troll Wizard on Dec 1, 2018.
             Slain by an orc wizard
             ... wielding a +0 dagger
              (5 damage)
             ... on level 3 of the Dungeon.
             The game lasted 00:04:25 (1924 turns).

KristoblXynda the Ruffian (Troll Wizard)            Turns: 1924, Time: 00:04:26

Health: -1/45      AC:  5    Str: 14 (15) XL:     5   Next: 0%
Magic:  7/7        EV:  9    Int: 15      God:
Gold:   76         SH:  0    Dex:  5 (8)  Spells: 7/8 levels left

rFire    . . .     SeeInvis .     - Unarmed
rCold    . . .     Gourm    +   (no shield)
rNeg     . . .     Faith    .   a - +0 robe
rPois    .         Spirit   .   b - +0 hat
rElec    .         Reflect  .   (no cloak)
rCorr    .         Harm     .   (gloves unavailable)
MR       .....                  (boots unavailable)
Stlth    +.........             (no amulet)
HPRegen  0.55/turn              (no ring)
MPRegen  0.10/turn              (no ring)

@: no status effects
A: large, unfitting armour, claws 3, fast metabolism 3, gourmand, regeneration
1, shaggy fur 1, tough skin 2
a: no special abilities


You were on level 3 of the Dungeon.
You were very full.

You visited 1 branch of the dungeon, and saw 3 of its levels.

You collected 76 gold pieces.

Inventory:

Armour
 a - a +0 robe (worn)
 b - a +0 hat (worn)
Scrolls
 c - a scroll of blinking {unknown}
 e - a scroll of fog {unknown}
 f - a scroll of random uselessness
 g - a scroll of noise {unknown}
 i - a scroll of enchant armour {unknown}
 j - a scroll of teleportation {unknown}
 m - a scroll of remove curse
 p - a scroll of amnesia
 s - a scroll of immolation
 t - a scroll of fear
Potions
 k - a potion of haste {unknown}
 l - a potion of mutation
 n - a potion of heal wounds {unknown}
 o - a potion of resistance
Comestibles
 d - 6 rations


   Skills:
 - Level 1.5 Dodging
 - Level 1.0 Stealth
 + Level 3.2 Unarmed Combat
 - Level 2.0 Spellcasting
 + Level 2.5 Conjurations
   Level 0.6 Summonings
   Level 0.6 Translocations


You had 7 spell levels left.
You knew the following spells:

 Your Spells              Type           Power        Failure   Level  Hunger
a - Magic Dart            Conj           #...         8%          1    #......

Your spell library contained the following spells:

 Spells                   Type           Power        Failure   Level  Hunger
 Blink                    Tloc           N/A          26%         2    ###....
 Call Imp                 Summ           #.......     26%         2    ###....
 Slow                     Hex            #.......     32%         2    ###....
 Conjure Flame            Conj/Fire      #.......     36%         3    ###....
 Mephitic Cloud           Conj/Pois/Air  #.......     43%         3    ###....


Dungeon Overview and Level Annotations

Branches:
Dungeon (3/15)

Altars:


Innate Abilities, Weirdness & Mutations

You are too large for most types of armour.
You have claws for hands.
Your metabolism is lightning-fast.
You like to eat raw meat.
Your natural rate of healing is unusually fast.
You are covered in fur. (AC +1)
You have very tough skin. (AC +2)


Message History

You miss something.
You hear some strange, mumbled words.
A magic dart appears from out of thin air!
The magic dart hits you!
* * * LOW HITPOINT WARNING * * *
You completely miss something. Something hits you but does no damage.
You feel better. Something hits you but does no damage.
You scratch something. Something hits you.
* * * LOW HITPOINT WARNING * * *
You closely miss something.
Casting: Magic Dart (safe; 8% risk of failure)
Confirm with . or Enter, or press ? or * to list all spells.
Okay, then.
You miss something. Something hits you.
* * * LOW HITPOINT WARNING * * *
Okay, then.
You closely miss something.
An orc wizard appears from thin air!
Reactivating autopickup.
The orc wizard hits you with a +0 dagger.
You die...

############
##########..........#
#........#..........#
#...................#
#................####
#................####
#...................#######
#######...................#
.###....o@.......##....#
......).).........#.##.).#
.......)..8.....8..#.######
...................#.....#
####.................###.#
..<...........>......# #.#
#.............)...#.###.#
.................%....%...#
...####.....8.....8.+#######


You could see an orc wizard.

Vanquished Creatures
  Jessica (D:3)
  An adder (D:2)
  4 gnolls (D:2)
  2 worms (D:2)
  A dart slug (D:1)
  2 leopard geckos (D:2)
  5 orcs (D:3)
  8 bats
  2 giant cockroaches
  6 goblins
  4 hobgoblins
  3 jackals (D:1)
  A quokka (D:3)
  3 kobolds (D:2)
  4 rats
47 creatures vanquished.

Notes
Turn   | Place    | Note
-------+----------+-------------------------------------------
     0 | D:1      | KristoblXynda the Troll Wizard began the quest for the Orb.
     0 | D:1      | Reached XP level 1. HP: 16/16 MP: 2/2
   170 | D:1      | Reached skill level 1 in Conjurations
   197 | D:1      | Reached skill level 1 in Unarmed Combat
   370 | D:1      | Reached XP level 2. HP: 24/24 MP: 4/4
   888 | D:2      | Reached XP level 3. HP: 30/31 MP: 5/5
   951 | D:2      | Reached skill level 2 in Unarmed Combat
  1509 | D:2      | Reached XP level 4. HP: 14/39 MP: 6/6
  1739 | D:3      | Noticed Jessica
  1793 | D:3      | Killed Jessica
  1793 | D:3      | Reached skill level 3 in Unarmed Combat
  1901 | D:3      | Reached XP level 5. HP: 13/45 MP: 7/7
  1918 | D:3      | HP: 2/45 [something/magic dart (7)]
  1924 | D:3      | Slain by an orc wizard

Vault maps used:
D:1:      dpeg_arrival_water_fire
D:3:      first_ration, st_stairs_1, uniq_jessica, uniq_grinder

Skill      XL: |  1  2  3  4 |
---------------+-------------+-----
Conjurations   | 1 2 |  2.5
Unarmed Combat | 1 2 3 |  3.2
Dodging        | |  1.5
Stealth        | |  1.0
Spellcasting   | |  2.0
Summonings     | |  0.6
Translocations | |  0.6

Action                   |  1- 3 |  4- 6 || total
-------------------------+-------+-------++-------
Melee: Unarmed           |   136 |    65 ||   201
 Cast: Magic Dart        |       |     1 ||     1
  Use: Scroll            |     2 |     8 ||    10
       Potion            |     1 |     1 ||     2
  Eat: Chunk             |    19 |     3 ||    22
Armor: Robe              |    83 |    30 ||   113
Dodge: Dodged            |    82 |    31 ||   113

Table legend:
 A = Non-vault XP
 B = Vault XP
 C = Vault XP percentage of total XP
 D = Non-vault monster count
 E = Vault monster count
 F = Vault count percentage of total count
                 A         B        C        D         E       F
            +---------+---------+-------+---------+---------+-------
      Total |     159 |      37 |  18.9 |      46 |       1 |   2.1
            +---------+---------+-------+---------+---------+-------
        D:1 |      27 |       0 |   0.0 |      13 |       0 |   0.0
        D:2 |     108 |       0 |   0.0 |      22 |       0 |   0.0
        D:3 |      24 |      37 |  60.7 |      11 |       1 |   8.3
            +---------+---------+-------+---------+---------+-------
